 Dungeon Crawl Stone Soup version 0.28-a0-653-g7e9dba17c3 (webtiles) character file.

Game seed: 11721962021175593179

72 Gargoyl the Skirmisher (level 4, -27/39 (41) HPs)
             Began as a Gnoll Abyssal Knight on Oct 12, 2021.
             Was a Believer of Lugonu.
             Blown up by Ijyb (33 damage)
             ... with a mindburst bolt
             ... on level 3 of the Dungeon.
             The game lasted 00:02:45 (2297 turns).

Gargoyl the Skirmisher (Gnoll Abyssal Knight)       Turns: 2297, Time: 00:02:46

HP:   -27/39 (41)   AC:  3    Str: 13    XL:     4   Next: 25%
MP:   7/7           EV: 12    Int: 10    God:    Lugonu [**....]
Gold: 68            SH:  5    Dex: 12    Spells: 5/5 levels left

rFire   + . .      SeeInvis .   g - +2 dagger (venom)
rCold   + . .      Faith    .   (no shield)
rNeg    . . .      Spirit   .   b - +0 leather armour
rPois   +          Reflect  +   (no helmet)
rElec   +          Harm     .   (no cloak)
rCorr   +          Rampage  .   (no gloves)
Will    .....                   (no boots)
Stlth   +.........              d - amulet of reflection
HPRegen 0.13/turn               (no ring)
MPRegen 0.10/turn               (no ring)

@: mighty, resistant, lightly drained
A: fangs 1, strong nose, distributed training
a: Renounce Religion, Depart the Abyss, Bend Space


You were on level 3 of the Dungeon.
You worshipped Lugonu.
Lugonu was pleased with you.
You visited 1 branch of the dungeon, and saw 3 of its levels.
You visited the Abyss 1 time.

You collected 68 gold pieces.

Inventory:

Hand Weapons
 a - a +1 hand axe
 g - a +2 dagger of venom (weapon)
Missiles
 m - 11 poisoned darts (quivered)
Armour
 b - a +0 leather armour (worn)
Jewellery
 d - an amulet of reflection (around neck)
Scrolls
 c - a scroll of fear
 e - a scroll of amnesia {unknown}
 k - 2 scrolls of identify {unknown}
 l - a scroll of holy word {unknown}
Potions
 i - a potion of haste {unknown}
 j - a potion of degeneration {unknown}


   Skills:
 + Level 6.6 Fighting
 + Level 1.1 Short Blades
 + Level 1.1 Long Blades
 + Level 4.6 Axes
 + Level 1.1 Maces & Flails
 + Level 1.1 Polearms
 + Level 1.1 Staves
 + Level 1.1 Slings
 + Level 1.1 Bows
 + Level 1.1 Crossbows
 + Level 1.1 Throwing
 + Level 4.6 Armour
 + Level 2.7 Dodging
 + Level 1.1 Stealth
 + Level 1.1 Shields
 + Level 1.1 Unarmed Combat
 + Level 1.1 Spellcasting
 + Level 0.8 Conjurations
 + Level 0.8 Hexes
 + Level 0.8 Summonings
 + Level 0.8 Necromancy
 + Level 0.8 Translocations
 + Level 0.8 Transmutations
 + Level 0.8 Fire Magic
 + Level 0.8 Ice Magic
 + Level 0.8 Air Magic
 + Level 0.8 Earth Magic
 + Level 0.8 Poison Magic
 + Level 4.7 Invocations
 + Level 1.1 Evocations


You had 5 spell levels left.
You didn't know any spells.
Your spell library contained the following spells:

 Spells                   Type           Power      Damage    Failure   Level
 Animate Skeleton         Necr           4%         N/A       30%         1
 Pain                     Necr           8%         1d4       30%         1
 Vampiric Draining        Necr           1%         2d6       65%         3


Dungeon Overview and Level Annotations

Branches:
Dungeon (3/15)

Altars:
Elyvilon

Annotations:
D:2 Sigmund
D:3 Ijyb


Innate Abilities, Weirdness & Mutations

You have very sharp teeth.
Your uncanny sense of smell can sniff out nearby items.
Your experience applies equally to all skills.


Message History

Unknown command.
You hit the dart slug.
You kill the dart slug!
Lugonu accepts your kill.
Unknown command.
You see here a dart slug corpse.
Ijyb the Twisted Goblin comes into view.
She is wielding a +0 dagger, wearing a +2 chain mail of cold resistance and carrying a wand of mindburst (8).
Ijyb shouts!
Ijyb drinks a potion.
Ijyb suddenly seems more resistant.
Ijyb is nearby!
You hit Ijyb.
Ijyb is lightly wounded.
Ijyb hits you with a +0 dagger.
You barely miss Ijyb.
Ijyb is lightly wounded.
Ijyb zaps a wand.
Your mind is blasted!
Ouch! That really hurt!
You barely miss Ijyb.
Ijyb is lightly wounded.
Ijyb closely misses you.
Your leather armour prevents you from hitting Ijyb.
Your bite misses Ijyb.
Ijyb is lightly wounded.
Ijyb hits you with a +0 dagger.
You closely miss Ijyb.
Ijyb is lightly wounded.
Ijyb zaps a wand.
Your mind is blasted!
* * * LOW HITPOINT WARNING * * *
Unknown command.
You feel protected. Ijyb hits you with a +0 dagger.
* * * LOW HITPOINT WARNING * * *
It was a potion of might.
You feel very mighty all of a sudden. You block Ijyb's attack.
You puncture Ijyb!
Ijyb is poisoned.
You bite Ijyb, but do no damage.
Ijyb is heavily wounded.
Ijyb zaps a wand.
Your mind is blasted!
Ouch! That really hurt!
You die...

#.# ##...## #.####
##.....# #.##.##
##.......
####.#...####........
#...........+........
#.##.#.†.####........
#.##.## #.......
#.##.## ##.....#
#@##..## ##...##
#g##...# ###'###
......##.## #......
###.###...# #.#.###
#.# #.⌠.# #.#.### #.#
#...# #...... #..
##.## #.....# #.# #.#
#.....# # ##.##
#####.#.


You could see Ijyb (resistant, very poisoned).

Vanquished Creatures
  An adder (D:3)
  4 dart slugs
  4 ball pythons
  5 bats
  4 endoplasms
  4 giant cockroaches
  4 goblins
  2 hobgoblins
  4 quokkas (D:1)
  5 frilled lizards
  10 kobolds
  3 rats
50 creatures vanquished.

Notes
Turn   | Place    | Note
-------+----------+-------------------------------------------
     0 | Abyss:1  | Gargoyl the Gnoll Abyssal Knight began the quest for the
                  | Orb.
     0 | Abyss:1  | Reached XP level 1. HP: 23/23 MP: 3/3
    61 | Abyss:1  | Noticed an efreet
    90 | Abyss:1  | Noticed a large abomination
   106 | Abyss:1  | Noticed a chaos spawn
   108 | D:1      | Escaped the Abyss
   276 | D:1      | Found a faded altar of an unknown god.
   345 | D:1      | Reached XP level 2. HP: 28/29 MP: 5/5
   404 | D:1      | Reached * piety under Lugonu
   641 | D:1      | Reached XP level 3. HP: 30/35 MP: 6/6
  1487 | D:2      | Reached ** piety under Lugonu
  1575 | D:2      | Reached skill level 1 in Short Blades
  1575 | D:2      | Reached skill level 1 in Long Blades
  1575 | D:2      | Reached skill level 1 in Maces & Flails
  1575 | D:2      | Reached skill level 1 in Polearms
  1575 | D:2      | Reached skill level 1 in Staves
  1575 | D:2      | Reached skill level 1 in Slings
  1575 | D:2      | Reached skill level 1 in Bows
  1575 | D:2      | Reached skill level 1 in Crossbows
  1575 | D:2      | Reached skill level 1 in Throwing
  1575 | D:2      | Reached skill level 1 in Stealth
  1575 | D:2      | Reached skill level 1 in Shields
  1575 | D:2      | Reached skill level 1 in Unarmed Combat
  1575 | D:2      | Reached skill level 1 in Spellcasting
  1575 | D:2      | Reached skill level 1 in Evocations
  1644 | D:2      | Noticed Sigmund
  1968 | D:3      | Reached XP level 4. HP: 41/41 MP: 7/7
  2240 | D:3      | Found a white marble altar of Elyvilon.
  2286 | D:3      | Noticed Ijyb
  2297 | D:3      | Blown up by Ijyb

Illustrated notes

Levels and vault maps discovered:
D:1:      lemuel_arrival_behind_the_door_large, layout_loops_cross,
          dreamdust_ecumenical_altar_angels_and_demons
D:2:      layout_loops_ring, uniq_sigmund
D:3:      layout_loops_corners, elyvilon_altar_1, uniq_ijyb

Skill      XL: |  1  2  3 |
---------------+----------+-----
Short Blades   | 1 |  1.1
Long Blades    | 1 |  1.1
Maces & Flails | 1 |  1.1
Polearms       | 1 |  1.1
Staves         | 1 |  1.1
Slings         | 1 |  1.1
Bows           | 1 |  1.1
Crossbows      | 1 |  1.1
Throwing       | 1 |  1.1
Stealth        | 1 |  1.1
Shields        | 1 |  1.1
Unarmed Combat | 1 |  1.1
Spellcasting   | 1 |  1.1
Evocations     | 1 |  1.1
Fighting       | |  6.6
Axes           | |  4.6
Armour         | |  4.6
Dodging        | |  2.7
Conjurations   | |  0.8
Hexes          | |  0.8
Summonings     | |  0.8
Necromancy     | |  0.8
Translocations | |  0.8
Transmutations | |  0.8
Fire Magic     | |  0.8
Ice Magic      | |  0.8
Air Magic      | |  0.8
Earth Magic    | |  0.8
Poison Magic   | |  0.8
Invocations    | |  4.7

Action                   |  1- 3 |  4- 6 || total
-------------------------+-------+-------++-------
Melee: Hand axe          |    74 |       ||    74
       Bite              |     9 |     4 ||    13
       Punch             |     2 |       ||     2
       Dagger            |    45 |    24 ||    69
Invok: Depart the Abyss  |     1 |       ||     1
  Use: Potion            |     5 |     2 ||     7
       Scroll            |     1 |       ||     1
 Stab: Sleeping          |     1 |       ||     1
Armor: Leather armour    |    19 |     3 ||    22
Dodge: Dodged            |    69 |     8 ||    77
Block: Other             |    31 |     3 ||    34

Table legend: (Time is in decaauts)
 A = Elapsed time spent in this place.
 B = Non-inter-level travel time spent in this place.
 C = Inter-level travel time spent in this place.
 D = Time resting spent in this place.
 E = Time spent auto-exploring this place.
 F = Levels seen in this place.
 G = Mean time per level.
                   A        B        C        D        E       F      G
               +--------+--------+--------+--------+--------+-----+--------+
         Total |   2299 |   2165 |    134 |    185 |   1490 |   4 |  574.8 |
       Dungeon |   2191 |   2057 |    134 |    185 |   1430 |   3 |  730.3 |
         Abyss |    108 |    108 |      0 |      0 |     60 |   1 |  108.0 |
               +--------+--------+--------+--------+--------+-----+--------+

Top non-repeatable levels by time:
     D:1: 1358 daAuts
     D:3: 489 daAuts
     D:2: 343 daAuts
 Abyss:1: 108 daAuts
